 Dungeon Crawl Stone Soup version 0.28.0-1-gb440e238dd (webtiles) character file.

Game seed: 5669221410895263913

365 arthad the Magician (level 6, -2/29 (42) HPs)
             Began as an Octopode Wanderer on Feb 20, 2022.
             Slain by a mummy (17 damage)
             ... in an ossuary.
             The game lasted 00:15:19 (3386 turns).

arthad the Magician (Octopode Wanderer)             Turns: 3386, Time: 00:15:19

HP:   -2/29 (42)    AC:  1    Str: 12 (13) XL:     6   Next: 68%
MP:   12/12         EV: 13    Int: 14 (15) God:
Gold: 166           SH:  0    Dex: 11 (13) Spells: 5/13 levels left

rFire   . . .      SeeInvis .   a - +2 dagger
rCold   . . .      Faith    .   (no shield)
rNeg    . . .      Spirit   .   (helmet restricted)
rPois   .          Reflect  .   (no amulet)
rElec   .          Harm     .   (no ring)
rCorr   .          Rampage  .   (no ring)
Will    .....                   (no ring)
Stlth   +++.......              (no ring)
HPRegen 0.09/turn               (no ring)
MPRegen 0.13/turn               (no ring)
                                (no ring)
                                (no ring)

@: very heavily drained
A: almost no armour, amphibious, 8 rings, camouflage 1, gelatinous body 1,
(nimble swimmer 1), tentacles, clumsy 1, strong 2
a: no special abilities


You were in an ossuary.
You visited 1 branch of the dungeon, and saw 4 of its levels.
You also visited: Ossuary.

You collected 166 gold pieces.

Inventory:

Hand Weapons
 a - a +2 dagger (weapon)
 d - a +0 dagger of protection
Missiles
 c - 13 poisoned darts (quivered)
 o - 28 bolts
Scrolls
 b - a scroll of fear
 e - 2 scrolls of immolation
 j - a scroll of amnesia
Potions
 k - 3 potions of brilliance
 m - a potion of invisibility


   Skills:
 * Level 3.0 Fighting
 * Level 2.7 Short Blades
 - Level 2.0 Throwing
 * Level 2.5 Dodging
 + Level 3.9 Stealth
 + Level 4.3 Spellcasting
 + Level 1.3 Conjurations
 + Level 1.1 Fire Magic
 + Level 1.7 Poison Magic
 - Level 1.1 Evocations


You had 5 spell levels left.
You knew the following spells:

 Your Spells              Type           Power      Damage    Failure   Level
a - Foxfire               Conj/Fire      24%        2x1d5     11%         1
b - Corpse Rot            Necr/Air       6%         N/A       28%         2
c - Poisonous Vapours     Pois/Air       10%        N/A       21%         2
d - Conjure Flame         Conj/Fire      6%         6-21      32%         3

Your spell library contained the following spells:

 Spells                   Type           Power      Damage    Failure   Level
 Inner Flame              Hex/Fire       4%         N/A       41%         3
 Flame Wave               Conj/Fire      6%         2d5       73%         4


Dungeon Overview and Level Annotations

Branches:
Dungeon (4/15)            Ossuary (1/1)
 Temple: D:4-7

Altars:


Innate Abilities, Weirdness & Mutations

You cannot wear most types of armour.
You are amphibious.
You can wear up to eight rings at the same time.
Your skin changes colour to match your surroundings (Stealth+).
Your rubbery body absorbs attacks. (AC +1, EV +1)
((You are camouflaged when in or above water. (Stealth+)))
You have tentacles for arms and can constrict up to eight enemies at once.
You are clumsy. (Dex -2)
Your muscles are very strong. (Str +4)


Message History

You destroy the gnoll zombie!
No target in view!
No target in view!
No target in view!
No target in view!
No target in view!
No target in view!
No target in view!
A mummy comes into view.
Found three items.
You barely miss the mummy. Your grab misses the mummy. The mummy hits you!
Ouch! That really hurt!
You are too injured to fight recklessly!
You are too injured to fight recklessly!
You are too injured to fight recklessly!
You are too injured to fight recklessly!
You are too injured to fight recklessly!
You are too injured to fight recklessly!
You are too injured to fight recklessly!
You are too injured to fight recklessly!
You are too injured to fight recklessly!
You are too injured to fight recklessly!
You feel much better.
It was a potion of degeneration.
There was something very wrong with that liquid.
You feel weakened.
You feel dopey.
You feel clumsy. The mummy hits you!
Really quaff the potion of mutation?
You feel extremely strange.
You feel stronger.
You feel clumsy.
You feel stronger. The mummy hits you.
You hit the mummy. You grab the mummy.
The mummy is lightly damaged.
You constrict the mummy. You hit the mummy.
You squeeze the mummy, but do no damage.
The mummy is moderately damaged.
You constrict the mummy. The mummy hits you!
Ouch! That really hurt!
You die...

#.........................#
#......#'#'#'#'#'#'#......#
#.....##.#.#.#.#.#.##.....#
###'###################'###
#.##.## +..!??..' ##.##
#..##.## #..??!..# ##.##
#...##.###..?!?..###.##
#....##.##....M..##.##
#.....##.#....@..#^##
#......'.#...8...#.
#.....##.#.......#.
#....##.##.......##
#...##.###.......# #..##.##
#.......# #.##.## +.......+
#'#'#########'#######
#....................


You could see a mummy.

Vanquished Creatures
  2 ogres
  A howler monkey (D:4)
  4 gnolls (D:2)
  An adder (D:2)
  A worm (D:2)
  4 dart slugs
  3 orcs (D:3)
  5 spectral bats (Ossuary)
  6 endoplasms
  2 giant cockroaches (D:3)
  8 goblins
  6 hobgoblins
  A quokka (D:3)
  7 ball pythons
  3 bats (D:2)
  3 frilled lizards
  6 gnoll zombies (Ossuary)
  2 goblin zombies (Ossuary)
  3 hobgoblin zombies (Ossuary)
  6 kobolds
  9 kobold zombies (Ossuary)
  4 orc zombies (Ossuary)
  2 rats (D:1)
  2 spectral goblins (Ossuary)
  4 spectral kobolds (Ossuary)
  6 spectral rats (Ossuary)
101 creatures vanquished.

Vanquished Creatures (others)
  8 foxfires
8 creatures vanquished.

Grand Total: 109 creatures vanquished

Notes
Turn   | Place    | Note
-------+----------+-------------------------------------------
     0 | D:1      | arthad the Octopode Wanderer began the quest for the Orb.
     0 | D:1      | arthad set off with the following items: a +2 dagger, a
                  | scroll of fear, 12 poisoned darts, a +0 dagger; and the
                  | following spells available to memorise: Corpse Rot,
                  | Poisonous Vapours
     0 | D:1      | Reached XP level 1. HP: 13/13 MP: 5/5
    76 | D:1      | Learned a level 1 spell: Foxfire
   137 | D:1      | Reached XP level 2. HP: 18/18 MP: 5/7
   353 | D:1      | Reached skill level 1 in Dodging
   683 | D:2      | Reached skill level 1 in Short Blades
   683 | D:2      | Reached XP level 3. HP: 23/23 MP: 8/8
   686 | D:2      | Learned a level 2 spell: Corpse Rot
   689 | D:2      | Learned a level 2 spell: Poisonous Vapours
   693 | D:2      | Learned a level 3 spell: Conjure Flame
   818 | D:2      | You fall into a shaft and drop 1 floor!
  1676 | D:3      | Reached XP level 4. HP: 10/29 MP: 10/10
  2184 | D:2      | Reached skill level 1 in Poison Magic
  2195 | D:2      | Reached XP level 5. HP: 8/34 MP: 11/11
  2468 | D:2      | Noticed an ogre
  2504 | D:2      | Killed an ogre
  2505 | D:2      | Reached skill level 1 in Conjurations
  2901 | D:4      | Reached skill level 1 in Fire Magic
  2901 | D:4      | Reached XP level 6. HP: 34/41 MP: 12/12
  2997 | D:4      | Found a sand-covered staircase.
  3044 | Ossuary  | Entered an ossuary
  3384 | Ossuary  | Gained mutation: Your muscles are strong. (Str +2) [potion
                  | of mutation]
  3384 | Ossuary  | Gained mutation: You are clumsy. (Dex -2) [potion of
                  | mutation]
  3384 | Ossuary  | Gained mutation: Your muscles are very strong. (Str +4)
                  | [potion of mutation]
  3386 | Ossuary  | Slain by a mummy

Illustrated notes

Levels and vault maps discovered:
D:1:      minmay_arrival_split_and_join, layout_basic
D:2:      layout_rooms
D:3:      layout_basic
D:4:      layout_basic, mainiacjoe_overflow_cross_hatched,
          mainiacjoe_overflow_alcove_1, nicolae_sif_muna_little_library,
          nicolae_ossuary_entry_plus, uniq_eustachio
Ossuary:  ossuary_zaba_two_paths

Skill      XL: |  1  2  3  4  5  6 |
---------------+-------------------+-----
Dodging        | 1 2 |  2.5
Stealth        | 3 |  3.9
Short Blades   | 1 2 |  2.7
Fighting       | 2 3 |  3.0
Poison Magic   | 1 |  1.7
Conjurations   | 1 |  1.3
Fire Magic     | 1 |  1.1
Throwing       | |  2.0
Spellcasting   | |  4.3
Evocations     | |  1.1

Action                   |  1- 3 |  4- 6 || total
-------------------------+-------+-------++-------
Melee: Dagger            |    71 |   169 ||   240
       Constrict         |    18 |    30 ||    48
       Tentacles         |    13 |    43 ||    56
       Punch             |       |     7 ||     7
Throw: Dart              |     3 |     7 ||    10
 Cast: Foxfire           |     3 |     3 ||     6
       Poisonous Vapours |       |     6 ||     6
  Use: Potion            |       |     4 ||     4
       Scroll            |       |     9 ||     9
 Stab: Sleeping          |     9 |     8 ||    17
       Distracted        |       |     4 ||     4
Armor: Skin              |     6 |    24 ||    30
Dodge: Dodged            |    36 |   121 ||   157
